Map: Babylon LE

Players

billium - Winner!

  • Race: Protoss Protoss
  • League: Silver
  • Spawn Location: 11:00

Pzykoz

  • Race: Protoss Protoss
  • League: Platinum
  • Spawn Location: 5:00

VOD

Have the link to the VOD?

Description

not sure how i got this lucky, im not good enough to beat a cannon rush

Time

  • Played on: March 12, 2023, 5:59 p.m.
  • Length: 9:46
Show
View Real Time Build Order
Export as new Build Order

billium Protoss - Winner!

Build Orders: Carrier Rush 

Get SALT Encoding   

  12  0:04  Probe (Chrono Boost)  
  13  0:13  Probe (Chrono Boost)  
  14  0:18  Probe (Chrono Boost)  
  15  0:23  Pylon  
  15  0:30  Assimilator  
  15  0:42  Gateway  
  15  0:45  Probe  
  16  1:01  Assimilator  
  16  1:02  Probe  
  17  1:12  Pylon  
  17  1:15  Probe (Chrono Boost)  
  19  1:27  Probe (Chrono Boost)  
  19  1:29  Cybernetics Core  
  19  1:34  Probe (Chrono Boost)  
  20  1:45  Probe  
  21  1:58  Probe  
  22  2:09  Stargate  
  22  2:13  Probe  
  23  2:21  Shield Battery  
  22  2:53  Stargate  
  22  2:59  Fleet Beacon  
  22  3:11  Nexus  
  22  3:21  Shield Battery  
  22  3:30  Forge  
  28  4:25  Probe (Chrono Boost)  
  29  4:36  Probe (Chrono Boost)  
  30  4:40  Probe (Chrono Boost)  
  31  4:49  Probe  
  26  4:59  Carrier (Chrono Boost)  
  31  5:02  Probe  
  28  5:14  Probe  
  25  5:26  Probe  
  26  5:34  Pylon  
  26  5:35  Pylon  
  22  5:36  Pylon  
  22  5:38  Pylon, Probe  
  22  5:39  Pylon  
  22  5:40  Pylon  
  16  5:53  Probe  
  17  5:59  Carrier  
  23  6:05  Probe  
  23  6:17  Probe  
  24  6:29  Probe  
  25  6:41  Probe  
  26  7:41  Carrier  
  32  8:18  Pylon  
  32  8:20  Pylon  
Show
View Real Time Build Order
Export as new Build Order

Pzykoz Protoss 

Build Orders: Cannon Rush 

Get SALT Encoding   

  12  0:12  Pylon  
  12  0:16  Probe  
  13  0:28  Probe  
  14  0:33  Forge  
  14  0:42  Probe (Chrono Boost)  
  15  0:53  Probe (Chrono Boost)  
  16  0:57  Probe (Chrono Boost)  
  17  1:08  Probe  
  18  1:14  Pylon  
  18  1:21  Pylon  
  18  1:28  Probe (Chrono Boost)  
  19  1:36  Photon Cannon  
  19  1:37  Probe (Chrono Boost)  
  19  1:38  Photon Cannon  
  20  1:44  Photon Cannon  
  20  1:53  Pylon  
  20  2:04  Photon Cannon  
  20  2:07  Pylon  
  21  2:15  Probe (Chrono Boost)  
  21  2:26  Probe (Chrono Boost)  
  21  2:27  Pylon  
  22  2:30  Probe (Chrono Boost)  
  22  2:34  Pylon  
  23  2:42  Probe  
  24  2:49  Photon Cannon  
  24  2:51  Photon Cannon  
  24  2:56  Photon Cannon  
  24  3:03  Pylon  
  24  3:10  Photon Cannon  
  24  3:20  Gateway  
  24  3:26  Photon Cannon  
  24  3:35  Pylon  
  24  3:42  Photon Cannon  
  24  3:49  Pylon  
  24  3:59  Photon Cannon  
  24  4:06  Pylon  
  24  4:11  Photon Cannon  
  24  4:17  Pylon  
  24  4:27  Photon Cannon  
  24  4:33  Pylon  
  24  4:40  Photon Cannon  
  24  4:52  Pylon  
  24  5:00  Photon Cannon  
  26  5:07  Zealot  
  26  5:09  Pylon  
  26  5:22  Pylon  
  26  5:25  Photon Cannon  
  26  5:34  Zealot  
  26  5:35  Photon Cannon  
  28  5:42  Photon Cannon  
  28  5:53  Photon Cannon  
  28  6:01  Zealot  
  26  6:26  Pylon  
  26  6:27  Pylon  
  26  6:28  Zealot  
  26  6:31  Pylon  
  26  6:32  Pylon  
  28  6:33  Pylon  
  28  6:41  Photon Cannon  
  28  6:52  Photon Cannon  
  27  7:04  Photon Cannon  
  27  7:07  Probe  
  20  7:32  Photon Cannon  
  20  7:34  Pylon  
Tags
 
Matchup
PvP
Spawn Locations
Cross Positions
Strategy
Carrier Rush
Add a new tag
Caveats
  • Supply blocks, unpowered buildings, or Contaminate may cause inaccurate times.
  • Supply counts are checked every 10 seconds.